 Dungeon Crawl Stone Soup version 0.28-a0-1117-g0bdd5ba030 (webtiles) character file.

Game seed: 17515081577711208260

2623 shoop the Cudgeller (level 9, -7/83 HPs)
             Began as an Ogre Arcane Marksman on Dec 11, 2021.
             Was an Initiate of Ashenzari.
             Mangled by a two-headed ogre (9 damage)
             ... on level 8 of the Dungeon.
             The game lasted 00:27:10 (12526 turns).

shoop the Cudgeller (Ogre Arcane Marksman)         Turns: 12526, Time: 00:27:11

Health: -7/83      AC: 17    Str: 18    XL:     9   Next: 60%
Magic:  7/14       EV:  7    Int: 22    God:    Ashenzari [......]
Gold:   156        SH:  0    Dex:  9    Spells: 6/14 levels left

rFire   x . .      SeeInvis .   y - +0 giant spiked club
rCold   + + .      Faith    .   (shield currently unavailable)
rNeg    . . .      Spirit   .   P - +0 ice dragon scales
rPois   .          Reflect  .   B - +1 hat of Cremastomancy {Stlth+, Self, Fort} (curse)
rElec   .          Harm     .   (no cloak)
rCorr   .          Rampage  .   (gloves unavailable)
Will    .....                   (boots unavailable)
Stlth   +.........              s - amulet of the acrobat
HPRegen 0.23/turn               j - +6 ring of intelligence
MPRegen 0.14/turn               E - +4 ring of protection

@: very slightly contaminated, slowed, very slow
A: large, unfitting armour, tough skin 1
a: Renounce Religion, Shatter the Chains


You were on level 8 of the Dungeon.
You worshipped Ashenzari.
Ashenzari was noncommittal.
You visited 2 branches of the dungeon, and saw 9 of its levels.
You also visited: Sewer.

You collected 422 gold pieces.
You spent 266 gold pieces at shops.

Inventory:

Hand Weapons
 k - a +0 club
 o - a +0 spear
 p - a +0 quarterstaff
 y - a +0 giant spiked club (weapon)
Missiles
 b - 4 large rocks
 c - 2 throwing nets
 l - 5 atropa-tipped darts
 w - 5 poisoned darts
 F - 3 boomerangs (quivered)
Armour
 a - a +0 robe
 B - the cursed +1 hat of Cremastomancy (worn) {Stlth+, Self, Fort}
   (You found it on level 4 of the Dungeon)

   It has a curse which improves the following skills: Introspection: Fighting
   and Spellcasting.
   Fortitude: Armour and Shields.
 H - a +2 robe of fire resistance
 P - +0 ice dragon scales (worn)
Jewellery
 j - a +6 ring of intelligence (left hand)
 q - a +6 ring of intelligence
 s - an amulet of the acrobat (around neck)
 E - a +4 ring of protection (right hand)
 G - a ring of protection from fire
 R - a ring of flight
 S - an amulet of reflection
Wands
 L - a wand of digging (6)
 M - a wand of flame (10)
 O - a wand of paralysis (12)
Scrolls
 e - 6 scrolls of identify
 g - 5 scrolls of fog
 i - 3 scrolls of teleportation
 t - 3 scrolls of silence {unknown}
 z - a scroll of immolation {unknown}
 A - 2 scrolls of fear
 C - a scroll of blinking {unknown}
 D - a scroll of magic mapping {unknown}
 J - 3 scrolls of enchant weapon {unknown}
 Q - a scroll of acquirement {unknown}
 T - a scroll of brand weapon {unknown}
Potions
 d - 3 potions of might {unknown}
 f - a potion of haste {unknown}
 h - 6 potions of degeneration
 m - 2 potions of mutation {unknown}
 n - a potion of brilliance {unknown}
 r - a potion of ambrosia {unknown}
 u - 4 potions of flight
 v - 5 potions of curing
 x - 2 potions of lignification
 I - 3 potions of attraction {unknown}
 K - a potion of invisibility {unknown}
 N - a potion of magic {unknown}


   Skills:
 - Level 3.0(3.4) Fighting
 * Level 6.8 Maces & Flails
 + Level 3.2 Throwing
 + Level 5.0(5.5) Armour
 - Level 2.0 Dodging
 - Level 1.0 Stealth
 - Level 3.0(3.4) Spellcasting
 - Level 5.2 Hexes
 - Level 2.0 Fire Magic
 - Level 3.0 Evocations


You had 6 spell levels left.
You knew the following spells:

 Your Spells              Type           Power      Damage    Failure   Level
a - Slow                  Hex            100%       N/A       4%          1
c - Inner Flame           Hex/Fire       19%        N/A       28%         3
f - Cause Fear            Hex            13%        N/A       45%         4

Your spell library contained the following spells:

 Spells                   Type           Power      Damage    Failure   Level
 Ensorcelled Hibernation  Hex/Ice        30%        N/A       22%         2
 Scorch                   Fire           24%        2d6       28%         2
 Animate Skeleton         Necr           6%         N/A       41%         1
 Apportation              Tloc           6%         N/A       41%         1
 Summon Small Mammal      Summ           12%        N/A       41%         1
 Portal Projectile        Hex/Tloc       30%        N/A       41%         3
 Static Discharge         Conj/Air       3%         N/A       54%         2
 Spider Form              Tmut/Pois      3%         N/A       78%         3
 Flame Wave               Conj/Fire      8%         2d4       96%         4
 Sticky Flame             Conj/Fire      8%         2d3       96%         4
 Dispel Undead            Necr           3%         3d7       99%         4
 Summon Forest            Summ/Tloc      1%         N/A       100%        5
 Eringya's Noxious Bog    Tmut/Pois      1%         N/A       100%        6
 Summon Cactus Giant      Summ           1%         N/A       100%        6
 Summon Hydra             Summ           1%         N/A       100%        7


Dungeon Overview and Level Annotations

Branches:
Dungeon (8/15)             Temple (1/1) D:7           Sewer (visited)
   Lair: D:8-11

Altars:
Ashenzari
Dithmenos
Gozag
Kikubaaqudgha
Okawaru
Qazlal
Ru
Trog
Wu Jian

Shops:
D:1 [   D:3 ?   D:4 !   D:5 [

Annotations:
D:5 exclusion: adder, Dowan, Duvessa


Innate Abilities, Weirdness & Mutations

You are too large for most types of armour.
You have tough skin. (AC +1)


Message History

The two-headed ogre hits you with a +0 giant spiked club.
You impale the two-headed ogre!!
The two-headed ogre is heavily wounded.
The two-headed ogre closely misses you.
The two-headed ogre hits you but does no damage.
You barely miss the two-headed ogre.
The two-headed ogre is heavily wounded.
The two-headed ogre hits you but does no damage.
The two-headed ogre barely misses you.
You hit the two-headed ogre.
The two-headed ogre is heavily wounded.
The two-headed ogre hits you with a +0 giant club.
The two-headed ogre hits you with a +0 giant spiked club.
You barely miss the two-headed ogre.
The two-headed ogre is heavily wounded.
The two-headed ogre completely misses you.
The two-headed ogre hits you with a +0 giant spiked club.
You hit the two-headed ogre.
The two-headed ogre is heavily wounded.
The two-headed ogre hits you with a +0 giant club!!
The two-headed ogre hits you with a +0 giant spiked club!
You see here a wyvern corpse.
Casting: Cause Fear (dangerous; 45% risk of failure)
Confirm with . or Enter, or press ? or * to list all spells.
Casting: Cause Fear (dangerous; 45% risk of failure)
Press: ? - help, Dir - look around, f - activate You miscast Cause Fear.
You are very lightly contaminated with residual magic.
You feel a bit tired.
You feel yourself slow down.
The two-headed ogre hits you with a +0 giant club!
* * * LOW HITPOINT WARNING * * *
The two-headed ogre hits you with a +0 giant spiked club.
* * * LOW HITPOINT WARNING * * *
The two-headed ogre completely misses you.
The two-headed ogre misses you.
There is a stone staircase leading up, spattered with blood here.
The two-headed ogre hits you with a +0 giant club.
* * * LOW HITPOINT WARNING * * *
The two-headed ogre hits you with a +0 giant spiked club!
You die...

#... #... .#. ##
.... #..## .. #.
.....#......### #.
.....#...#....# .#
......(.([... ..#
.........(.#####.#
#.........)....#
.#.######.###
#.†#.O@#.###
##.#.#÷#...##
#.....#.[..#
####..###.##
#......# ##.#####
#.....)..
#########


You could see a two-headed ogre.

Vanquished Creatures
  Maggie (D:8)
  A hornet (D:8)
  A wyvern (D:8)
  A sky beast (D:7)
  2 ogres (D:4)
  A necrophage (D:6)
  2 centaurs
  2 phantoms
  2 kobold brigands
  A bullfrog (D:7)
  A wyvern skeleton (D:7)
  5 howler monkeys
  3 wights
  A hound (D:6)
  A centaur skeleton (D:6)
  A centaur zombie (D:5)
  3 orc priests
  2 bullfrog skeletons
  3 iguanas
  8 orc wizards
  Natasha (twice) (D:2)
  7 gnolls
  3 adders
  2 adder skeletons (D:4)
  3 worms
  A dart slug (D:3)
  28 orcs
  7 endoplasms
  7 giant cockroaches
  7 hobgoblins
  2 jackals (Sewer)
  6 quokkas
  2 ball pythons
  3 bats
  5 frilled lizards
  4 goblins (D:2)
  15 kobolds
  8 rats
154 creatures vanquished.

Notes
Turn   | Place    | Note
-------+----------+-------------------------------------------
     0 | D:1      | shoop the Ogre Arcane Marksman began the quest for the Orb.
     0 | D:1      | Reached XP level 1. HP: 19/19 MP: 2/2
   303 | D:1      | Found Raith's Antique Armour Emporium.
   737 | D:1      | Reached XP level 2. HP: 8/28 MP: 3/3
  1147 | D:1      | Found a faded altar of an unknown god.
  1868 | D:2      | Noticed a necrophage
  2061 | D:2      | Reached skill level 1 in Stealth
  2097 | D:2      | Reached skill level 1 in Maces & Flails
  2097 | D:2      | Reached XP level 3. HP: 19/35 MP: 4/4
  2101 | D:2      | Noticed Sigmund
  2465 | D:3      | Found a glowing drain.
  2562 | Sewer    | Entered a sewer
  2763 | Sewer    | Noticed a kobold brigand
  2812 | Sewer    | Killed a kobold brigand
  2813 | Sewer    | Reached XP level 4. HP: 27/45 MP: 5/5
  2818 | Sewer    | Learned a level 4 spell: Cause Fear
  3086 | Sewer    | Reached XP level 5. HP: 39/53 MP: 6/6
  3218 | Sewer    | Found a white marble altar of Elyvilon.
  3227 | Sewer    | Became a worshipper of Elyvilon the Healer
  3364 | D:3      | HP: 2/53 [orc (4)]
  3724 | D:3      | Found Lotaithu's Magic Scroll Shop.
  3729 | D:3      | Bought a scroll of noise for 10 gold pieces
  3729 | D:3      | Bought a scroll of fog for 20 gold pieces
  3729 | D:3      | Bought a scroll of teleportation for 30 gold pieces
  4054 | D:4      | Found Jaytyav's Distillery.
  4482 | D:4      | Bought a potion of degeneration for 13 gold pieces
  4495 | D:4      | Reached XP level 6. HP: 57/61 MP: 7/7
  4712 | D:4      | Reached skill level 5 in Hexes
  4889 | D:4      | Bought a potion of lignification for 39 gold pieces
  5276 | D:4      | Reached XP level 7. HP: 60/67 MP: 11/11
  5286 | D:4      | Learned a level 3 spell: Inner Flame
  5347 | D:4      | Found a bloodstained altar of Trog.
  5351 | D:4      | Found a shadowy altar of Dithmenos.
  5416 | D:4      | Reached * piety under Elyvilon
  5448 | D:4      | Found an ornate altar of the Wu Jian Council.
  5863 | D:4      | Reached skill level 2 in Maces & Flails
  5863 | D:4      | Reached skill level 1 in Fire Magic
  6375 | D:5      | Entered Level 5 of the Dungeon
  6384 | D:5      | Found Xaiclab's Armour Boutique.
  6424 | D:5      | Found an opulent altar of Gozag.
  6436 | D:5      | Noticed Duvessa
  6436 | D:5      | Noticed Dowan
  6595 | D:5      | Reached skill level 3 in Maces & Flails
  7213 | D:5      | Reached skill level 4 in Maces & Flails
  7659 | D:5      | Reached XP level 8. HP: 58/75 MP: 10/12
  7907 | D:5      | Reached ** piety under Elyvilon
  8196 | D:3      | Bought a scroll of fear for 35 gold pieces
  8196 | D:3      | Bought a scroll of identify for 20 gold pieces
  8417 | D:1      | Bought a glowing robe for 99 gold pieces
  8661 | D:2      | Noticed Natasha
  8672 | D:2      | Killed Natasha
  8673 | D:2      | Reached skill level 5 in Maces & Flails
  9131 | D:2      | Noticed Natasha
  9137 | D:2      | Killed Natasha
  9791 | D:6      | Identified the +8 scale mail of Taxzog Vica {Will++}
  9917 | D:7      | Reached skill level 6 in Maces & Flails
 10101 | D:7      | Reached skill level 1 in Evocations
 10588 | D:7      | Reached *** piety under Elyvilon
 10589 | D:7      | Found a staircase to the Ecumenical Temple.
 10638 | Temple   | Entered the Ecumenical Temple
 10654 | Temple   | Fell from the grace of Elyvilon
 10654 | Temple   | Became a worshipper of Ashenzari the Shackled
 10899 | D:7      | Reached skill level 1 in Armour
 10916 | D:7      | Reached XP level 9. HP: 46/81 MP: 13/13
 11371 | D:8      | Noticed a two-headed ogre
 11507 | D:8      | Noticed a hornet
 11522 | D:8      | Killed a hornet
 11683 | D:8      | Noticed Maggie
 11840 | D:8      | HP: 4/83 [sky beast (6)]
 12293 | D:8      | Killed Maggie
 12347 | D:8      | Reached skill level 5 in Armour
 12526 | D:8      | HP: 2/83 [two-headed ogre (5)]
 12526 | D:8      | Mangled by a two-headed ogre

Illustrated notes

Levels and vault maps discovered:
D:1:      heliophobic_arrival_dark_side_of_the_moon, layout_basic,
          basic_ecumenical_altar, serial_shops, shop, minmay_misc_feat_tiny
D:2:      layout_basic, uniq_natasha, uniq_sigmund
D:3:      layout_basic, serial_shops, shop, gup_sewer_entry_pipe,
          hangedman_glass_teeth
D:4:      layout_rooms, nicolae_overflow_hidden_temple,
          mainiacjoe_overflow_24_doors, serial_shops, shop, item_on_display_a
D:5:      layout_basic, grunt_gozag_statues, serial_shops, kennysheep_mini_moat,
          uniq_duvessa
D:6:      layout_basic, nrook_campfire, serial_park_tiny_pond
D:7:      layout_loops_ring, temple_pool_b, hangedman_decor_lopped,
          minmay_misc_feat_pillars
D:8:      layout_basic, grunt_decor_mini_mirrors, kennysheep_generic_room_7,
          uniq_maggie
Temple:   regret_index_temple_waves

Skill      XL: |  1  2  3  4  5  6  7  8  9 |
---------------+----------------------------+-----
Fighting       | 2 3 |  3.0
Stealth        | 1 |  1.0
Maces & Flails | 1 4 6 |  6.8
Dodging        | 2 |  2.0
Throwing       | 3 |  3.2
Hexes          | 3 4 5 |  5.2
Spellcasting   | 3 |  3.0
Fire Magic     | 2 |  2.0
Evocations     | 2 3 |  3.0
Armour         | 1 5 |  5.0

Action                   |  1- 3 |  4- 6 |  7- 9 || total
-------------------------+-------+-------+-------++-------
Melee: Unarmed           |    65 |       |       ||    65
       Club              |    29 |       |       ||    29
       Spear             |    31 |       |       ||    31
       Quarterstaff      |    66 |   166 |       ||   232
       Giant spiked club |       |     1 |   453 ||   454
Throw: Large rock        |     1 |     1 |       ||     2
       Stone             |    10 |       |       ||    10
       Dart              |       |    23 |    18 ||    41
       Boomerang         |       |       |     8 ||     8
 Cast: Slow              |    10 |    14 |    35 ||    59
       Cause Fear        |       |     1 |    10 ||    11
       Inner Flame       |       |       |     1 ||     1
Invok: Curse Item        |       |       |     1 ||     1
  Use: Potion            |       |     1 |       ||     1
 Stab: Sleeping          |     1 |       |     6 ||     7
Armor: Robe              |    54 |    53 |   217 ||   324
       Ice dragon scales |       |       |     7 ||     7
Dodge: Dodged            |    85 |    93 |   244 ||   422

Table legend: (Time is in decaauts)
 A = Elapsed time spent in this place.
 B = Non-inter-level travel time spent in this place.
 C = Inter-level travel time spent in this place.
 D = Time resting spent in this place.
 E = Time spent auto-exploring this place.
 F = Levels seen in this place.
 G = Mean time per level.
                   A        B        C        D        E       F      G
               +--------+--------+--------+--------+--------+-----+--------+
         Total |  12984 |  12221 |    763 |   2711 |   6849 |  10 | 1298.4 |
       Dungeon |  12133 |  11382 |    751 |   2548 |   6460 |   8 | 1516.6 |
        Temple |     30 |     18 |     12 |      0 |      9 |   1 |   30.0 |
         Sewer |    820 |    820 |      0 |    163 |    379 |   1 |  820.0 |
               +--------+--------+--------+--------+--------+-----+--------+

Top non-repeatable levels by time:
     D:4: 1987 daAuts
     D:3: 1923 daAuts
     D:5: 1906 daAuts
     D:1: 1883 daAuts
     D:7: 1698 daAuts
     D:2: 1132 daAuts
     D:6: 929 daAuts
   Sewer: 820 daAuts
     D:8: 673 daAuts
  Temple: 30 daAuts
